 Dungeon Crawl Stone Soup version 0.31.0-1-g2c135a0 (webtiles) character file.

Game seed: 1613921346681388394

10824 brinewave the Cleaver (level 11, 0/101 HPs)
             Began as a Minotaur Fighter on Jan 28, 2024.
             Was a Believer of the Shining One.
             Slain by a catoblepas (8 damage)
             ... on level 2 of the Lair of Beasts.
             The game lasted 00:32:49 (9332 turns).

brinewave the Cleaver (Minotaur Fighter)            Turns: 9332, Time: 00:32:49

Health: 0/101      AC: 19    Str: 26    XL:     11   Next: 41%
Magic:  11/13      EV:  7    Int:  5    God:    the Shining One [**....]
Gold:   424        SH: 16    Dex:  9    Spells: 10/10 levels left

rFire   . . .        a - +0 war axe
rCold   . . .        k - +2 buckler {reflect}
rNeg    + . .        M - +0 plate armour
rPois   .            (helmet restricted)
rElec   .            K - +0 cloak
rCorr   +            (no gloves)
SInv    .            p - +2 pair of boots
Will    .....        b - amulet of regeneration Stlth
                     F - ring of resist corrosion
HPRegen 1.16/turn    (no ring)
MPRegen 0.13/turn

%: reflection
@: divinely shielded, glowing
A: horns 2, retaliatory headbutt
a: Renounce Religion, Divine Shield


You were on level 2 of the Lair of Beasts.
You worshipped the Shining One.
The Shining One was pleased with you.
You visited 3 branches of the dungeon, and saw 13 of its levels.
You also visited: Sewer and Bailey.

You collected 703 gold pieces.
You spent 279 gold pieces at shops.

Inventory:

Hand Weapons
 a - a +0 war axe (weapon)
 P - a +2 halberd of venom
Missiles
 q - 24 poisoned darts (quivered)
 x - 3 boomerangs
 D - 2 curare-tipped darts
 H - a throwing net
Armour
 k - a +2 buckler of reflection (worn)
 p - a +2 pair of boots (worn)
 K - a +0 cloak (worn)
 M - a +0 plate armour (worn)
Jewellery
 b - an amulet of regeneration (around neck)
 s - an amulet of reflection
 F - a ring of resist corrosion (left hand)
Wands
 c - a wand of polymorph (3)
 G - a wand of flame (24)
 J - a wand of mindburst (17)
 L - a wand of paralysis (7)
 O - a wand of iceblast (7)
Scrolls
 e - a scroll of torment {unknown}
 f - a scroll of noise {unknown}
 g - 4 scrolls of fog
 h - 2 scrolls of amnesia
 i - a scroll of fear {unknown}
 l - 4 scrolls of poison
 t - 4 scrolls of teleportation
 y - 2 scrolls of blinking
 B - a scroll of butterflies {unknown}
 C - a scroll of enchant armour
 E - a scroll of vulnerability {unknown}
 N - a scroll of revelation
Potions
 d - 3 potions of might
 j - a potion of enlightenment
 m - 2 potions of curing {unknown}
 n - 3 potions of attraction
 o - 4 potions of haste
 r - 3 potions of mutation
 u - a potion of invisibility {unknown}
 v - a potion of lignification {unknown}
 w - 2 potions of cancellation
 z - 2 potions of ambrosia
 A - 4 potions of resistance
 I - 2 potions of heal wounds
 Q - a potion of brilliance {unknown}


   Skills:
 + Level 10.4 Fighting
 - Level 12.4 Axes
 + Level 10.4 Armour
 + Level 10.3 Shields
 + Level 5.2 Invocations


You had 10 spell levels left.
You didn't know any spells.
Your spell library contained the following spells:

 Spells                   Type           Power      Damage    Failure   Level
 Sandblast                Erth           0%         2d4       99%         1
 Sting                    Conj/Alch      0%         1d3       99%         1
 Mercury Vapours          Alch/Air       0%         N/A       100%        2
 Scorch                   Fire           0%         2d5       100%        2
 Static Discharge         Conj/Air       0%         3-3/arc   100%        2
 Call Canine Familiar     Summ           0%         N/A       100%        3
 Inner Flame              Hex/Fire       0%         N/A       100%        3
 Passwall                 Erth           0%         N/A       100%        3
 Sigil of Binding         Hex            0%         N/A       100%        3
 Stone Arrow              Conj/Erth      0%         3d7       100%        3
 Summon Ice Beast         Ice/Summ       0%         N/A       100%        3
 Airstrike                Air            0%         2d(0-16)  100%        4
 Brom's Barrelling Bould  Conj/Erth      0%         2d3       100%        4
 Dimensional Bullseye     Hex/Tloc       0%         N/A       100%        4
 Flame Wave               Conj/Fire      0%         2d4       100%        4
 Manifold Assault         Tloc           0%         N/A       100%        4
 Olgreb's Toxic Radiance  Alch           0%         N/A       100%        4
 Summon Lightning Spire   Summ/Air       0%         N/A       100%        4
 Irradiate                Conj/Alch      0%         3d11      100%        5
 Summon Mana Viper        Hex/Summ       0%         N/A       100%        5
 Dispersal                Tloc           0%         N/A       100%        6
 Summon Cactus Giant      Summ           0%         N/A       100%        6
 Monstrous Menagerie      Summ           0%         N/A       100%        7
 Disjunction              Tloc           0%         N/A       100%        8
 Ignition                 Fire           0%         3d3       100%        8
 Chain Lightning          Conj/Air       0%         N/A       100%        9
 Fire Storm               Conj/Fire      0%         5d1       100%        9
 Shatter                  Erth           0%         3d5*      100%        9


Dungeon Overview and Level Annotations

Branches:
Dungeon (10/15)            Temple (1/1) D:4            Lair (2/5) D:9
  Sewer (visited)          Bailey (visited)
  Swamp: Lair:2-3    Shoals: Lair:2-3     Snake: Lair:2-3    Spider: Lair:2-3
    Orc: D:9-12

Altars:
Ashenzari
Cheibriados
Dithmenos
Elyvilon
Fedhas
Gozag
Hepliaklqana
Kikubaaqudgha
Makhleb
Nemelex Xobeh
Okawaru
Qazlal
Ru
Sif Muna
Trog
Uskayaw
Vehumet
Wu Jian
Xom
Yredelemnul
Zin
The Shining One
Lugonu

Shops:
D:8 *


Innate Abilities, Weirdness & Mutations

You have a pair of horns on your head.
You reflexively headbutt those who attack you in melee.


Message History

The catoblepas breathes a plume of calcifying dust at you.
The blast of calcifying dust hits you but does no damage.
The catoblepas gores you.
* * * LOW HITPOINT WARNING * * *
Your shield is strengthened by the Shining One's divine power.
The bullfrog is no longer petrified.
The bullfrog hits you but does no damage.
You block the bullfrog's attack. The catoblepas closely misses you.
You hit the catoblepas but do no damage.
You headbutt the catoblepas.
The catoblepas is severely wounded.
You hit the bullfrog. You block the bullfrog's attack.
The catoblepas breathes a plume of calcifying dust at you.
The blast of calcifying dust hits you but does no damage.
The bullfrog hits you but does no damage.
You block the bullfrog's attack.
You barely miss the bullfrog.
The bullfrog is heavily wounded.
You hit the catoblepas. You block the bullfrog's attack.
You barely miss the bullfrog.
The bullfrog is heavily wounded.
You hit the catoblepas but do no damage.
You block the bullfrog's attack. The catoblepas gores you!
* * * LOW HITPOINT WARNING * * *
You hit the catoblepas but do no damage.
You headbutt the catoblepas!
The catoblepas is almost dead.
You slash the bullfrog! You block the bullfrog's attack.
You block the catoblepas's attack.
The bullfrog hits you but does no damage.
You hit the catoblepas.
The catoblepas is almost dead.
You hit the bullfrog.
You kill the bullfrog!
The catoblepas gores you!
* * * LOW HITPOINT WARNING * * *
The catoblepas breathes a plume of calcifying dust at you.
The blast of calcifying dust hits you but does no damage.
The catoblepas gores you!
You die...

.......†.............
...........##....P##.
#........#######<.# .
###......## #.##
..####...§....# ..#
.#.P.#...§...## ##.#
..............# #.#
..<..........## #..
........@....## ...
..§§§§§§§Y..$.# #..
.......##.##.##.#.
.....?# ##........
...... ###.....$
..... #...... .....
....... .[.. ..>...
.... ... ..


You could see a catoblepas.

Vanquished Creatures
  2 two-headed ogres
  Pikel (D:7)
  2 black mambas (Lair:1)
  A gargoyle (D:10)
  A cane toad (Lair:1)
  A kobold demonologist (D:8)
  A komodo dragon (Lair:1)
  3 trolls
  Prince Ribbit (D:7)
  Sigmund (D:2)
  2 wyverns
  2 vampire mosquitoes (D:10)
  A steam dragon (D:7)
  An acid dragon (D:9)
  4 water moccasins
  6 orc warriors
  3 black bears
  3 ice beasts
  An ogre (D:5)
  A sky beast (D:7)
  4 centaurs
  The ghost of Biscolet the Chopper, an amateur BaWr (D:3)
  4 wolves (D:9)
  2 lemures (D:7)
  A phantom (D:4)
  3 kobold brigands
  9 bullfrogs
  4 gnoll sergeants
  7 scorpions
  3 wights (D:9)
  3 killer bees (D:10)
  3 howler monkeys
  An electric eel (D:9)
  3 bombardier beetles
  A gnoll bouda (D:10)
  3 orc priests
  9 hounds
  4 iguanas
  Natasha (D:2)
  7 orc wizards
  Robin (D:2)
  25 gnolls
  6 adders
  A river rat (D:6)
  4 ufetubi
  2 ribbon worms (D:2)
  10 dart slugs
  44 orcs
  7 endoplasms
  17 giant cockroaches
  13 goblins
  6 hobgoblins
  12 kobolds
  3 quokkas
  10 ball pythons
  2 bats
  12 frilled lizards
  4 rats
290 creatures vanquished.

Notes
Turn   | Place    | Note
-------+----------+-------------------------------------------
     0 | D:1      | brinewave the Minotaur Fighter began the quest for the Orb.
     0 | D:1      | Reached XP level 1. HP: 19/19 MP: 0/0
   293 | D:1      | Found a faded altar of an unknown god.
   523 | D:1      | Reached XP level 2. HP: 27/27 MP: 1/1
   836 | D:2      | Reached skill level 3 in Axes
   966 | D:2      | Noticed Robin
   969 | D:2      | Reached XP level 3. HP: 31/33 MP: 2/2
   977 | D:2      | Killed Robin
  1161 | D:2      | Noticed Sigmund
  1171 | D:2      | Killed Sigmund
  1172 | D:2      | Reached skill level 4 in Axes
  1172 | D:2      | Reached XP level 4. HP: 23/41 MP: 3/3
  1172 | D:2      | Reached XP level 5. HP: 27/47 MP: 4/4
  1293 | D:2      | Noticed Natasha
  1303 | D:2      | Killed Natasha
  1304 | D:2      | Reached skill level 5 in Axes
  1831 | D:3      | Found a shadowy altar of Dithmenos.
  1973 | D:3      | Reached XP level 6. HP: 55/55 MP: 5/5
  2040 | D:3      | Found a glowing golden altar of the Shining One.
  2067 | D:3      | Found a transporter.
  2067 | D:3      | Noticed Biscolet's ghost (amateur BaWr)
  2095 | D:3      | Found a transporter.
  2534 | D:4      | Noticed a water moccasin
  2559 | D:4      | Killed a water moccasin
  2560 | D:4      | Reached skill level 5 in Fighting
  2560 | D:4      | Reached skill level 5 in Armour
  2560 | D:4      | Reached skill level 5 in Shields
  2652 | D:4      | Found a faded altar of an unknown god.
  2652 | D:4      | Found an ornate altar of the Wu Jian Council.
  2660 | D:4      | Found a faded altar of an unknown god.
  2662 | D:4      | Found a radiant altar of Vehumet.
  2664 | D:4      | Found an opulent altar of Gozag.
  2689 | D:4      | Found a staircase to the Ecumenical Temple.
  2709 | Temple   | Entered the Ecumenical Temple
  2848 | D:3      | Became a worshipper of the Shining One
  3023 | D:4      | Reached skill level 6 in Axes
  3023 | D:4      | Reached XP level 7. HP: 55/61 MP: 6/6
  3677 | D:5      | Entered Level 5 of the Dungeon
  3757 | D:5      | Reached skill level 7 in Axes
  3765 | D:5      | Reached XP level 8. HP: 44/70 MP: 7/7
  3790 | D:5      | Found a white marble altar of Elyvilon.
  4270 | D:3      | Killed Biscolet's ghost
  4402 | D:6      | Reached skill level 8 in Axes
  4468 | D:6      | Found a glowing drain.
  4472 | Sewer    | Entered a sewer
  5052 | D:6      | Reached skill level 9 in Axes
  5071 | D:6      | Found a broken altar of Ashenzari.
  5201 | D:6      | Found a sparkling altar of Nemelex Xobeh.
  5235 | D:6      | Reached XP level 9. HP: 78/79 MP: 8/8
  5390 | D:7      | Reached * piety under the Shining One
  5474 | D:7      | Noticed Prince Ribbit
  5481 | D:7      | Killed Prince Ribbit
  5482 | D:7      | Reached skill level 10 in Axes
  6137 | D:7      | Noticed Pikel
  6190 | D:7      | Killed Pikel
  6191 | D:7      | Reached skill level 11 in Axes
  6191 | D:7      | Reached skill level 1 in Invocations
  6443 | D:8      | Found Fenujam's General Store.
  6448 | D:8      | Bought a potion of resistance for 130 gold pieces
  6448 | D:8      | Bought a scroll of amnesia for 52 gold pieces
  6448 | D:8      | Bought a scroll of enchant armour for 97 gold pieces
  6469 | D:8      | Noticed a kobold demonologist
  6479 | D:8      | Reached XP level 10. HP: 81/90 MP: 10/10
  6661 | D:8      | Found an iron altar of Okawaru.
  6971 | D:9      | Found a hide-covered altar of Uskayaw.
  6989 | D:9      | Found a basalt altar of Yredelemnul.
  7055 | D:9      | Found a staircase to the Lair.
  7066 | D:9      | Found a flagged portal.
  7075 | Bailey   | Entered a bailey
  7216 | Bailey   | Noticed an orc knight
  7225 | Bailey   | Noticed an orc knight
  7305 | D:9      | Noticed a two-headed ogre
  7314 | D:9      | Killed a two-headed ogre
  7587 | D:9      | Reached ** piety under the Shining One
  7729 | D:9      | Found a burning altar of Makhleb.
  8023 | D:10     | Entered Level 10 of the Dungeon
  8062 | D:10     | Noticed a two-headed ogre
  8079 | D:10     | Killed a two-headed ogre
  8080 | D:10     | Reached skill level 12 in Axes
  8184 | D:10     | Found a bloodstained altar of Trog.
  8194 | D:10     | Reached XP level 11. HP: 94/99 MP: 13/13
  8372 | D:10     | Found a shimmering altar of Xom.
  8381 | D:10     | Reached skill level 10 in Fighting
  8385 | D:10     | Reached skill level 10 in Armour
  8625 | D:10     | Reached skill level 10 in Shields
  8772 | Lair:1   | Entered Level 1 of the Lair of Beasts
  8902 | Lair:1   | Found a blossoming altar of Fedhas.
  9070 | Lair:1   | Reached skill level 5 in Invocations
  9294 | Lair:2   | Noticed a catoblepas
  9332 | Lair:2   | Slain by a catoblepas

Illustrated notes

Levels and vault maps discovered:
D:1:      minmay_arrival_loop, layout_basic, ebering_ecumenical_altar_rust,
          serial_bayou_lake_a
D:2:      layout_loops_ring, uniq_natasha, uniq_robin, uniq_sigmund
D:3:      layout_loops_corners, nicolae_tso_carved_into_rock,
          nicolae_dithmenos_shadow_blocks, gammafunk_ghost_arena
D:4:      layout_cave_pods, chequers_temple_overflow_minitemple, temple_pool_b,
          minmay_vboxes
D:5:      layout_rooms, mainiacjoe_overflow_brackets, minmay_liquid_box,
          corner_web_ring
D:6:      layout_cave_pools, nemelex_diamond_rough_becter,
          mainiacjoe_overflow_concentric_impassable, gup_sewer_entry_bowl
D:7:      layout_loops_corners, uniq_pikel, uniq_prince_ribbit1
D:8:      layout_basic, kennysheep_okawaru_gauntlet, serial_shops,
          nicolae_shop_pleasant_corner_grove, hangedman_decor_peaks_small,
          chequers_serial_rivers_marsh
D:9:      layout_roguey, mainiacjoe_overflow_big_doors,
          mainiacjoe_overflow_boulevard, erik_lair_island, enter_bailey_2,
          hangedman_decor_slide_cut
D:10:     layout_roguey, xom_butterflies, trog_butcher_becter
Temple:   corrupted_temple
Lair:1:   beast_lair_carwin_large_3, layout_long_grid, basic_altar,
          grunt_forest_small_clearings
Lair:2:   layout_chaotic_city, elwin_shoals_entry_stream,
          minmay_snake_entry_six_corridors, nzn_random_ring

Skill      XL: |  1  2  3  4  5  6  7  8  9 10 11 |
---------------+----------------------------------+-----
Axes           | 3 4 5 6 7 9 11 12 | 12.4
Fighting       | 4 5 6 7 8 9 10 | 10.4
Armour         | 4 5 6 7 8 9 10 | 10.4
Shields        | 4 5 6 7 8 9 10 | 10.3
Invocations    | 1 4 5 |  5.2

Action                     |  1- 3 |  4- 6 |  7- 9 | 10-12 || total
---------------------------+-------+-------+-------+-------++-------
  Melee: War axe           |    68 |    77 |   284 |   297 ||   726
         Headbutt          |     6 |    13 |    62 |    68 ||   149
  Throw: Dart              |       |       |       |     9 ||     9
 Invoke: Divine Shield     |       |       |       |     1 ||     1
    Use: Scroll            |       |     4 |     8 |     4 ||    16
 Armour: Scale mail        |    41 |    19 |       |       ||    60
         Chain mail        |       |    47 |   231 |   192 ||   470
         Plate armour      |       |       |       |   111 ||   111
  Dodge: Dodged            |    23 |    34 |   124 |   105 ||   286
  Block: Buckler           |    14 |    20 |    74 |   116 ||   224
         Reflection        |       |       |       |     2 ||     2
